 Dungeon Crawl Stone Soup version 0.31-a0-145-g046c7d2549 (webtiles) character file.

Game seed: 13257477396163685249

506 lessens the Cudgeller (level 7, -13/52 HPs)
             Began as a Formicid Fighter on June 5, 2023.
             Mangled by an ogre
             ... wielding a +0 giant club
              (24 damage)
             ... on level 4 of the Dungeon.
             The game lasted 00:04:39 (3066 turns).

lessens the Cudgeller (Formicid Fighter)            Turns: 3066, Time: 00:04:39

Health: -13/52     AC:  8    Str: 22    XL:     7   Next: 41%
Magic:  14/14      EV: 10    Int:  8    God:
Gold:   143        SH:  5    Dex: 13    Spells: 16/16 levels left

rFire   . . .        s - +6 dagger (vamp)
rCold   . . .        c - +0 buckler
rNeg    . . .        o - +3 ring mail of Makhleb's Generosity {+Blink}
rPois   .            (helmet unavailable)
rElec   .            (no cloak)
rCorr   .            (no gloves)
SInv    +            (no boots)
Will    .....        (no amulet)
Stlth   +            (no ring)
HPRegen 0.28/turn    (no ring)
MPRegen 0.14/turn

%: no passive effects
@: no status effects
A: permanent stasis, dig shafts and tunnels, antennae 3, four strong arms
a: Dig, Shaft Self


You were on level 4 of the Dungeon.
You visited 1 branch of the dungeon, and saw 4 of its levels.

You collected 143 gold pieces.

Inventory:

Hand Weapons
 a - a +0 flail
 s - a +6 vampiric dagger (weapon)
Missiles
 e - 42 stones
 k - 6 poisoned darts
Armour
 b - a +0 scale mail
 c - a +0 buckler (worn)
 o - the +3 ring mail of Makhleb's Generosity (worn) {+Blink}
   (You found it on level 2 of the Dungeon)

   +Blink:    It lets you blink.
Jewellery
 g - an amulet of regeneration
 j - a ring of flight
 t - an amulet of guardian spirit
Scrolls
 f - 2 scrolls of poison {unknown}
 i - a scroll of magic mapping {unknown}
 l - a scroll of enchant weapon {unknown}
 m - a scroll of brand weapon {unknown}
 n - 2 scrolls of identify {unknown}
 r - a scroll of teleportation {unknown}
 v - a scroll of noise {unknown}
 w - a scroll of immolation {unknown}
 x - a scroll of torment {unknown}
Potions
 d - 3 potions of might
 h - a potion of berserk rage {unknown}
 p - a potion of mutation {unknown}
 q - a potion of degeneration {unknown}
 u - a potion of enlightenment {unknown}
 z - a potion of resistance {unknown}
 A - a potion of heal wounds {unknown}
 B - a potion of brilliance {unknown}


   Skills:
 - Level 3.2 Fighting
 + Level 5.5 Maces & Flails
 - Level 3.2 Armour
 - Level 4.0 Shields
 - Level 5.0 Spellcasting


You had 16 spell levels left.
You didn't know any spells.
Your spell library contained the following spells:

 Spells                   Type           Power      Damage    Failure   Level
 Kiss of Death            Conj/Necr      8%         2d6       45%         1
 Call Canine Familiar     Summ           2%         N/A       83%         3
 Confusing Touch          Hex            2%         N/A       83%         3
 Portal Projectile        Hex/Tloc       4%         N/A       83%         3
 Dispel Undead            Necr           2%         3d7       99%         4
 Leda's Liquefaction      Hex/Erth       1%         N/A       99%         4


Dungeon Overview and Level Annotations

Branches:
Dungeon (4/15) Zot: 20886
 Temple: D:4-7

Altars:

Annotations:
D:2 1 runed translucent door, Crazy Yiuf


Innate Abilities, Weirdness & Mutations

You cannot be hasted, slowed, berserked, paralysed or teleported.
You can dig through walls and to a lower floor.
You have a pair of large antennae on your head. (SInv)
Your four strong arms can wield two-handed weapons with a shield.


Message History

The jelly is moderately wounded.
The jelly hits you but does no damage. The jelly hits you.
You are splashed with acid!
You puncture the jelly!
Your hands burn!
The jelly is almost dead.
The jelly closely misses you.
You hit the jelly.
You feel better.
You kill the jelly!
A - a viscous sapphire potion You open the door.
There is an open door here.
B - a sapphire potion An adder comes into view.
The adder hisses angrily.
An adder is nearby!
You puncture the adder!
You kill the adder!
Your Spellcasting skill increases to level 5!
No target in view!
You open the door.
There is an open door here.
You sense a monster nearby.
An ogre comes into view. It is wielding a +0 giant club.
The ogre shouts!
An ogre is nearby!
An ogre is nearby!
Found a smoky orange potion.
The ogre hits you with a +0 giant club!
You barely miss the ogre. You closely miss the ogre.
The ogre barely misses you.
You hit the ogre.
The ogre is moderately wounded.
The ogre hits you with a +0 giant club!!
* * * LOW HITPOINT WARNING * * *
You are too injured to fight recklessly!
You closely miss the ogre.
The ogre is moderately wounded.
You hit the ogre.
The ogre is moderately wounded.
The ogre hits you with a +0 giant club!!
You die...

###.###########....##....
#.....####..
######.##........
.........#######.#
#######..........#
#........#######
+...............
####........####...
#O@............#.##
!......##...............
########.........##.#.#.
#.........##.#.#.
#.....##'###.#.#.
#.....##.# #.#...
#...>.##.# #.###.
#.....##.# #.# #.
#.....##.# #.# #.


You could see an ogre.

Vanquished Creatures
  Grinder (D:3)
  A jelly (D:4)
  Jessica (D:3)
  Natasha (twice) (D:3)
  An iguana (D:2)
  3 gnolls (D:4)
  8 adders
  3 worms (D:3)
  4 dart slugs
  An orc (D:4)
  7 ball pythons
  9 bats
  3 endoplasms
  3 giant cockroaches
  8 goblins
  2 hobgoblins (D:3)
  2 jackals (D:3)
  2 quokkas
  6 frilled lizards
  4 kobolds (D:1)
  5 rats
76 creatures vanquished.

Notes
Turn   | Place    | Note
-------+----------+-------------------------------------------
     0 | D:1      | lessens the Formicid Fighter began the quest for the Orb.
     0 | D:1      | Reached XP level 1. HP: 18/18 MP: 1/1
    42 | D:1      | Reached XP level 2. HP: 19/24 MP: 1/3
    45 | D:1      | Reached skill level 1 in Spellcasting
   261 | D:1      | Reached XP level 3. HP: 29/29 MP: 5/5
   817 | D:2      | Found a runed translucent door.
   818 | D:2      | Noticed Crazy Yiuf
  1053 | D:2      | Reached XP level 4. HP: 31/35 MP: 7/7
  1193 | D:2      | Identified the +3 ring mail of Makhleb's Generosity
                  | {+Blink}
  1297 | D:2      | Reached XP level 5. HP: 29/41 MP: 7/9
  1772 | D:3      | Found a faded altar of an unknown god.
  1921 | D:3      | Noticed Jessica
  1923 | D:3      | Noticed Grinder
  1946 | D:3      | Killed Jessica
  1952 | D:3      | Killed Grinder
  1953 | D:3      | Reached skill level 5 in Maces & Flails
  1953 | D:3      | Reached XP level 6. HP: 41/47 MP: 9/12
  2197 | D:3      | Noticed Natasha
  2208 | D:3      | Killed Natasha
  2209 | D:3      | Reached XP level 7. HP: 32/52 MP: 13/13
  2402 | D:3      | Noticed Natasha
  2412 | D:3      | Killed Natasha
  3002 | D:4      | Reached skill level 5 in Spellcasting
  3066 | D:4      | Mangled by an ogre

Illustrated notes

Levels and vault maps discovered:
D:1:      dpeg_arrival_arbitrary_b, layout_rooms
D:2:      layout_loops_ring, uniq_crazy_yiuf_cottage
D:3:      layout_rooms, shapermc_ecumenical_altar_pompeii,
          small_statue_intersection, minmay_strange_pillars, uniq_grinder,
          uniq_jessica, uniq_natasha
D:4:      layout_basic, corexii_checkpoint_a, uniq_edmund, uniq_eustachio,
          uniq_ijyb

Skill      XL: |  1  2  3  4  5  6  7 |
---------------+----------------------+-----
Spellcasting   | 1 2 4 5 |  5.0
Maces & Flails | 3 5 |  5.5
Fighting       | |  3.2
Armour         | |  3.2
Shields        | |  4.0

Action                     |  1- 3 |  4- 6 |  7- 9 || total
---------------------------+-------+-------+-------++-------
  Melee: Flail             |    78 |    83 |       ||   161
         Dagger            |       |    17 |    55 ||    72
Ability: Dig               |       |     1 |       ||     1
    Use: Potion            |       |     1 |       ||     1
 Armour: Scale mail        |    41 |    15 |       ||    56
         Ring mail         |       |    37 |    17 ||    54
  Dodge: Dodged            |    33 |    51 |    21 ||   105
  Block: Buckler           |    19 |    27 |    11 ||    57

Table legend: (Time is in decaauts)
 A = Elapsed time spent in this place.
 B = Non-inter-level travel time spent in this place.
 C = Inter-level travel time spent in this place.
 D = Time resting spent in this place.
 E = Time spent auto-exploring this place.
 F = Levels seen in this place.
 G = Mean time per level.
                   A        B        C        D        E       F      G
               +--------+--------+--------+--------+--------+-----+--------+
         Total |   3112 |   3034 |     78 |      0 |   2462 |   4 |  778.0 |
       Dungeon |   3112 |   3034 |     78 |      0 |   2462 |   4 |  778.0 |
               +--------+--------+--------+--------+--------+-----+--------+

Top non-repeatable levels by time:
     D:2: 1052 daAuts
     D:3: 792 daAuts
     D:1: 720 daAuts
     D:4: 547 daAuts

Levels and vault maps discovered:
D:1:      dpeg_arrival_arbitrary_b, layout_rooms
D:2:      layout_loops_ring, uniq_crazy_yiuf_cottage
D:3:      layout_rooms, shapermc_ecumenical_altar_pompeii,
          small_statue_intersection, minmay_strange_pillars, uniq_grinder,
          uniq_jessica, uniq_natasha
D:4:      layout_basic, corexii_checkpoint_a, uniq_edmund, uniq_eustachio,
          uniq_ijyb
